 Dungeon Crawl Stone Soup version 0.30-a0-862-g1aabd4f9c5 (webtiles) character file.

Game seed: 16617889593951449878

331998 cforsyth the Metallomancer (level 20, -9/127 HPs)
             Began as a Deep Elf Earth Elementalist on Mar 9, 2023.
             Was the Champion of Vehumet.
             Killed from afar by a deep elf zephyrmancer (38 damage)
             ... with a bolt of lightning
             ... on level 2 of the Elven Halls.
             The game lasted 02:26:17 (61026 turns).

cforsyth the Metallomancer (DEEE)                  Turns: 61026, Time: 02:26:17

Health: -9/127     AC: 20    Str:  7    XL:     20   Next: 88%
Magic:  47/47      EV: 16    Int: 30    God:    Vehumet [******]
Gold:   3039       SH: 11    Dex: 10    Spells: 13/62 levels left

rFire   + + .      SeeInvis +    (no weapon)
rCold   . . .      Faith    .    R - +1 kite shield {reflect}
rNeg    + . .      Spirit   .    G - +7 leather armour of Adghuaf {Harm rF+ Regen+}
rPois   +          Reflect  +    B - +0 helmet of the Special Nightmares {rPois SInv}
rElec   .          Rampage  .    U - +0 cloak {Stlth+}
rCorr   +          Harm     + .  r - +1 pair of gloves
Will    +++..                    i - +5 pair of boots of Gehetu {rCorr Str+2 Dex-5}
Stlth   +++                      I - amulet "Miokh" {RegenMP rF+}
HPRegen 1.21/turn                q - ring of wizardry
MPRegen 0.70/turn                K - ring "Ilufumiy" {rN+ Will+}

@: studying Unarmed Combat
A: screaming 1
}: 2/15 runes: serpentine, barnacled
a: Renounce Religion


You were on level 2 of the Elven Halls.
You worshipped Vehumet.
Vehumet was exalted by your worship.
You visited 8 branches of the dungeon, and saw 37 of its levels.
You also visited: Ossuary, Bailey, Gauntlet and Ice Cave.

You collected 3918 gold pieces.
You spent 879 gold pieces at shops.

Inventory:

Hand Weapons
 O - the +4 morningstar of Bodily Humours {heavy, rElec rF- rC+ Int+6}
   (You found it on level 5 of the Lair of Beasts)

   Int:       It affects your intelligence (+6).
   rF:        It makes you vulnerable to fire.
   rC:        It protects you from cold.
   rElec:     It insulates you from electricity.
 T - the +1 great sword "Gucav" {flame, rElec rF++ Will+ Str-2}
   (You found it on level 11 of the Dungeon)

   Str:       It affects your strength (-2).
   rF:        It greatly protects you from fire.
   rElec:     It insulates you from electricity.
   Will:      It increases your willpower.
Armour
 a - a +2 buckler of cold resistance
 i - the +5 pair of boots of Gehetu (worn) {rCorr Str+2 Dex-5}
   (You found it on level 2 of the Dungeon)

   Str:       It affects your strength (+2).
   Dex:       It affects your dexterity (-5).
   rCorr:     It protects you from acid and corrosion.
 r - a +1 pair of gloves (worn)
 B - the +0 helmet of the Special Nightmares (worn) {rPois SInv}
   (You found it on level 3 of the Shoals)

   rPois:     It protects you from poison.
   SInv:      It lets you see invisible.
 G - the +7 leather armour of Adghuaf (worn) {Harm rF+ Regen+}
   (You found it in a Gauntlet)

   rF:        It protects you from fire.
   Regen:     It increases your rate of health regeneration.
   Harm:      It increases damage dealt and taken.
 N - the +3 ring mail of the Bagpipe {MP+9 Int+5 Dex-3}
   (You found it in a Gauntlet)

   Int:       It affects your intelligence (+5).
   Dex:       It affects your dexterity (-3).
   MP:        It affects your magic capacity (+9).
 R - a +1 kite shield of reflection (worn)
 U - a +0 cloak of stealth (worn)
 Y - a +1 cloak of preservation
Jewellery
 q - a ring of wizardry (left hand)
 v - the amulet of Winter {Spirit Fly Will+ Int+2}
   (You took it off an orc on level 4 of the Dungeon)

   [amulet of guardian spirit]

   It causes incoming damage to be divided between your reserves of health and
   magic.
   Int:       It affects your intelligence (+2).
   Fly:       It grants you flight.
   Will:      It increases your willpower.
 H - a ring of poison resistance
 I - the amulet "Miokh" (around neck) {RegenMP rF+}
   (You acquired it in a bailey)

   [amulet of magic regeneration]

   It increases your rate of magic regeneration.
   rF:        It protects you from fire.
 K - the ring "Ilufumiy" (right hand) {rN+ Will+}
   (You took it off a centaur warrior on level 1 of the Shoals)

   [ring of positive energy]

   rN:        It protects you from negative energy.
   Will:      It increases your willpower.
 L - a ring of flight
 M - a +4 ring of protection
 V - a ring of resist corrosion
 X - a ring of ice
Wands
 o - a wand of digging (19)
 z - a wand of polymorph (25)
 F - a wand of roots (35)
 P - a wand of mindburst (13)
 W - a wand of flame (19)
Scrolls
 f - 9 scrolls of teleportation
 g - 5 scrolls of summoning
 k - 8 scrolls of magic mapping
 l - 2 scrolls of silence
 n - 8 scrolls of poison
 s - 3 scrolls of amnesia
 t - 9 scrolls of immolation
 w - 3 scrolls of torment
 x - 8 scrolls of enchant armour
 y - 4 scrolls of fear
 D - 5 scrolls of fog
 E - 8 scrolls of vulnerability
 Q - a scroll of acquirement
Potions
 b - 4 potions of magic
 c - 10 potions of flight
 d - 17 potions of curing
 e - 8 potions of attraction
 h - 3 potions of resistance
 j - 3 potions of berserk rage
 m - 5 potions of brilliance
 p - a potion of invisibility
 u - 6 potions of mutation
 C - 10 potions of lignification
 J - 3 potions of might
 S - 3 potions of haste
 Z - a potion of cancellation


   Skills:
 + Level 14.1 Fighting
 + Level 18.0 Dodging
 - Level 2.4 Stealth
 - Level 10.0 Shields
 - Level 21.6 Spellcasting
 - Level 15.5 Conjurations
 - Level 1.1 Transmutations
 + Level 24.3 Earth Magic


You had 13 spell levels left.
You knew the following spells:

 Your Spells              Type           Power      Damage    Failure   Level
a - Sandblast             Erth           100%       2d20      0%          1
b - Stone Arrow           Conj/Erth      100%       3d13      0%          3
c - Iron Shot             Conj/Erth      50%        9d10      1%          6
d - Sticky Flame          Conj/Fire      68%        2d8       1%          4
e - Lee's Rapid Deconstr  Erth           54%        3d25*     0%          5
f - Iskenderun's Mystic   Conj/Tloc      68%        2d14      1%          4
g - Fireball              Conj/Fire      34%        3d14      1%          5
h - Yara's Violent Unrav  Hex/Tmut       17%        3d8       9%          5
i - Shatter               Erth           54%        3d41*     2%          9
j - Blink                 Tloc           64%        N/A       2%          2
k - Borgnjor's Vile Clut  Necr/Erth      40%        N/A       1%          5

Your spell library contained the following spells:

 Spells                   Type           Power      Damage    Failure   Level
 Maxwell's Capacitive Co  Air            16%        ∞         100%        8
 Magic Dart               Conj           100%       1d8       0%          1
 Apportation              Tloc           64%        N/A       1%          1
 Foxfire                  Conj/Fire      100%       2x1d9     1%          1
 Freeze                   Ice            100%       1d10      1%          1
 Necrotise                Necr           100%       1d9       1%          1
 Slow                     Hex            100%       N/A       1%          1
 Summon Small Mammal      Summ           100%       N/A       1%          1
 Momentum Strike          Conj/Tloc      100%       3d10      1%          2
 Passwall                 Tmut/Erth      69%        N/A       1%          2
 Poisonous Vapours        Pois/Air       64%        N/A       1%          2
 Scorch                   Fire           64%        2d8       1%          2
 Dazzling Flash           Conj/Hex       100%       N/A       1%          3
 Frozen Ramparts          Ice            64%        1d10      1%          3
 Hailstorm                Conj/Ice       68%        3d14      1%          3
 Mephitic Cloud           Conj/Pois/Air  59%        N/A       1%          3
 Animate Armour           Summ/Erth      100%       N/A       1%          4
 Flame Wave               Conj/Fire      68%        2d15      1%          4
 Leda's Liquefaction      Hex/Erth       40%        N/A       1%          4
 Petrify                  Tmut/Erth      83%        N/A       1%          4
 Irradiate                Conj/Tmut      35%        3d23      1%          5
 Lehudib's Crystal Spear  Conj/Erth      50%        10d12     1%          8
 Call Imp                 Summ           32%        N/A       2%          2
 Cigotuvi's Dreadful Rot  Necr/Pois/Air  64%        N/A       2%          2
 Sublimation of Blood     Necr           32%        N/A       2%          2
 Starburst                Conj/Fire      34%        6d10      2%          6
 Call Canine Familiar     Summ           32%        N/A       4%          3
 Confusing Touch          Hex            32%        N/A       4%          3
 Ozocubu's Armour         Ice            32%        N/A       4%          3
 Portal Projectile        Hex/Tloc       64%        N/A       4%          3
 Tukima's Dance           Hex            32%        N/A       4%          3
 Vampiric Draining        Necr           32%        2d8       4%          3
 Olgreb's Toxic Radiance  Pois           32%        N/A       4%          4
 Ice Form                 Ice/Tmut       35%        N/A       12%         4
 Manifold Assault         Tloc           32%        N/A       14%         4
 Passage of Golubria      Tloc           32%        N/A       14%         4
 Summon Lightning Spire   Summ/Air       32%        N/A       14%         4
 Blade Hands              Tmut           19%        N/A       24%         5
 Alistair's Intoxication  Tmut/Pois      23%        N/A       30%         5
 Agony                    Necr           32%        N/A       36%         5
 Metabolic Englaciation   Hex/Ice        16%        N/A       36%         5
 Silence                  Hex/Air        16%        N/A       36%         5
 Summon Forest            Summ/Tloc      16%        N/A       36%         5
 Summon Mana Viper        Hex/Summ       32%        N/A       36%         5
 Simulacrum               Ice/Necr       16%        N/A       89%         6
 Summon Cactus Giant      Summ           16%        N/A       89%         6
 Ozocubu's Refrigeration  Ice            16%        4d11      91%         7
 Dragon Form              Tmut           19%        N/A       99%         7
 Monstrous Menagerie      Summ           16%        N/A       100%        7
 Storm Form               Tmut/Air       17%        N/A       100%        7
 Ignition                 Fire           16%        3d6       100%        8


Dungeon Overview and Level Annotations

Branches:
Dungeon (15/15)            Temple (1/1) D:7            Lair (5/5) D:8
 Shoals (4/4) Lair:3        Snake (4/4) Lair:3        Slime (0/5) Lair:4
    Orc (2/2) D:12            Elf (2/3) Orc:2        Vaults (4/5) D:13
  Crypt (0/3) Vaults:2     Depths (0/4) D:15        Ossuary (visited)
 Bailey (visited)           IceCv (visited)         Gauntlet (visited)

Altars:
Ashenzari
Cheibriados
Dithmenos
Elyvilon
Fedhas
Gozag
Hepliaklqana
Kikubaaqudgha
Makhleb
Nemelex Xobeh
Okawaru
Qazlal
Ru
Sif Muna
Trog
Uskayaw
Vehumet
Wu Jian
Xom
Yredelemnul
Zin
The Shining One
Jiyva

Shops:
D:10 [   Orc:1 *   Orc:2 =[(**   Elf:1 (=:=   Snake:1 (   Snake:4 :
Vaults:4 [

Annotations:
Shoals:1 3 runed translucent doors, Luosi's ghost, journeyman NaVM
Vaults:1 3 runed translucent doors, Konionua's ghost, adept KoEn; Naox's ghost, adept KoAr; Pixtaico's ghost, adept FeNe; Zissick's ghost, adept MiBr


Innate Abilities, Weirdness & Mutations

You occasionally shout uncontrollably at your foes.


Message History

The deep elf demonologist mumbles some strange words.
The neqoxec gestures at you.
Strange energies course through your body.
You feel the urge to shout.
The air elemental fires a burst of electricity at you.
The stunning burst hits you but does no damage.
You suddenly lose the ability to move!
The air elemental hits you but does no damage.
A deep elf pyromancer opens the door.
The deep elf demonologist gestures at you while chanting.
You resist with almost no effort.
You can move again.
A deep elf pyromancer comes into view. It is wielding a +0 long sword.
The air elemental fires a burst of electricity at you.
The stunning burst hits you!
You shrug off the repeated paralysis!
You block the orange demon's attack.
The deep elf pyromancer casts a spell.
There is a stone staircase leading up here.
The sixfirhy hits you! The sixfirhy shocks you!
* * * LOW HITPOINT WARNING * * *
You block the sixfirhy's attack.
The air elemental fires a burst of electricity at you.
The stunning burst hits you!
You suddenly lose the ability to move!
You stop ascending the stairs.
* * * LOW HITPOINT WARNING * * *
The sixfirhy hits you.
* * * LOW HITPOINT WARNING * * *
The sixfirhy shocks you!
* * * LOW HITPOINT WARNING * * *
The air elemental barely misses you.
The orange demon stings you but does no damage.
The air elemental hits you but does no damage.
You can move again.
Unknown command.
You feel much better. The air elemental misses you.
You block the air elemental's attack.
The deep elf zephyrmancer casts a spell at you.
The bolt of lightning misses the air elemental.
The bolt of lightning hits you!!
You die...

#..E.....#
#○.e.....+
#○.......#
#.E......#
#........#
#...e3...#
#...43...#
#.....@..#
#.....E..#
#........#
#........#
#.....e..#
#........#
#..e....e#
#..!.....'
#........#.


You could see a deep elf demonologist, an orange demon (summoned), a deep elf
archer (repels missiles), 2 deep elf pyromancers, a deep elf zephyrmancer, a
sixfirhy (summoned), 2 fire elementals, an air elemental and a neqoxec
(summoned).

Vanquished Creatures
  An ancient lich (Vaults:3)
  Vashnia (Snake:4)
  Jorgrun (D:14)
  An ancient champion (Vaults:2)
  Frances (D:14)
  2 sphinxes
  Kirke (Lair:4)
  6 nagarajas (Snake:4)
  A deep elf sorcerer (Elf:1)
  A frost giant (Shoals:4)
  Aizul (Shoals:4)
  8 vault wardens
  2 orc warlords
  14 ironbound preservers
  3 very ugly things (Vaults:3)
  2 war gargoyles (Vaults:4)
  Azrael (D:15)
  Nessos (Lair:3)
  6 ironbound thunderhulks
  13 dire elephants
  A minotaur (Gauntlet)
  Snorg (Lair:5)
  4 merfolk javelineers (Shoals:4)
  9 merfolk impalers
  3 entropy weavers
  8 yaktaur captains
  Josephine (D:11)
  Fannar (Lair:1)
  3 rakshasas (D:15)
  13 vault guards
  5 hydras
  7 great orbs of eyes
  6 salamander tyrants
  2 ogre magi
  7 merfolk avatars
  A catoblepas (D:15)
  2 peacekeepers
  Erolcha (D:11)
  11 merfolk aquamancers
  25 centaur warriors
  10 ironbound frosthearts
  Erica (D:8)
  6 alligator snapping turtles
  7 anacondas
  8 boulder beetles
  4 two-headed ogres
  2 alligators (Shoals:3)
  4 death yaks (Lair:3)
  3 satyrs
  A tengu warrior (D:15)
  A deep troll earth mage (Vaults:2)
  2 orc high priests (Orc:2)
  11 naga warriors
  A vampire mage (Vaults:2)
  16 naga sharpshooters
  6 skysharks
  A fire crab (shapeshifter) (D:15)
  Nergalle (Lair:3)
  5 salamander mystics
  10 shock serpents
  5 glowing orange brains
  2 goliath frogs (Shoals:3)
  7 sea snakes
  48 deep trolls
  7 naga ritualists
  14 ironbound convokers
  The ghost of BillyBaka the Cleaver, a novice MiFi of Okawaru (D:7)
  11 wizards
  Pikel (D:8)
  A deep elf archer (Elf:1)
  12 lindwurms
  A phantasmal warrior (Vaults:2)
  13 deep elf pyromancers
  9 deep elf zephyrmancers (Elf:1)
  16 harpies
  3 necromancers
  5 cyclopes
  6 orc knights
  2 oklob plants (Lair:3)
  A wolf spider (Gauntlet)
  7 mana vipers
  18 manticores
  5 orc sorcerers
  32 ugly things
  24 salamanders
  6 merfolk sirens
  4 fauns
  2 elephants (Lair:4)
  2 guardian serpents
  40 black mambas
  2 ice statues (IceCv)
  11 cane toads
  19 naga magi
  5 water nymphs
  A torpor snail (Lair:1)
  8 vault sentinels
  A gargoyle (D:10)
  A cane toad (shapeshifter) (D:15)
  2 unseen horrors
  3 kobold demonologists
  17 komodo dragons
  3 rime drakes
  A freezing wraith (D:14)
  27 yaktaurs
  A queen bee (shapeshifter) (D:13)
  40 merfolk
  10 wind drakes
  11 trolls
  4 hornets (Lair:5)
  A raiju (shapeshifter) (Vaults:1)
  Prince Ribbit (Lair:1)
  A polar bear (Lair:5)
  15 snapping turtles
  2 dream sheep (Shoals:2)
  9 blink frogs
  31 slime creatures
  5 large abominations (D:11)
  An air elemental (Elf:2)
  A centaur simulacrum (D:14)
  5 wraiths
  A shadow (D:11)
  4 hogs (Lair:4)
  33 yaks
  A vampire (D:11)
  18 water elementals
  3 wyverns
  5 fire elementals
  Eustachio (D:6)
  3 basilisks
  4 redbacks
  A death yak simulacrum (IceCv)
  8 vampire mosquitoes
  7 small abominations (D:11)
  10 wargs
  Menkaure (D:6)
  40 nagas
  14 two-headed ogre zombies (D:11)
  An acid dragon (D:14)
  8 water moccasins
  2 hell hounds (D:15)
  3 black bears
  2 ice beasts
  2 sky beasts
  51 orc warriors
  5 ogres
  49 wolves
  12 centaurs
  3 kobold brigands
  A lemure (D:8)
  10 bullfrogs
  An earth elemental (Elf:1)
  A cane toad simulacrum (IceCv)
  2 scorpions
  5 wights (D:8)
  12 killer bees
  9 electric eels
  5 howler monkeys
  4 lava snakes (Lair:3)
  8 hounds
  Crazy Yiuf (D:3)
  9 jellies
  A gnoll bouda (D:9)
  A sleepcap (D:6)
  Terence (D:3)
  13 orc priests
  3 iguanas (D:5)
  13 orc wizards
  2 wolf simulacra (IceCv)
  A mummy (D:4)
  15 gnolls
  7 adders
  A shadow imp (D:8)
  4 ufetubi
  A worm (D:3)
  3 dart slugs
  77 orcs
  2 bats
  7 endoplasms
  2 giant cockroaches (D:4)
  16 goblins
  19 hobgoblins
  4 jackals (D:1)
  2 quokkas
  7 ball pythons
  5 frilled lizards
  A goblin zombie (D:4)
  20 kobolds
  A kobold zombie (Ossuary)
  An orc zombie (D:4)
  11 rats
1423 creatures vanquished.

Vanquished Creatures (collateral kills)
  Saint Roka (Orc:1)
1 creature vanquished.

Vanquished Creatures (others)
  A bush (Lair:2)
  44 fungi
  99 plants
144 creatures vanquished.

Grand Total: 1568 creatures vanquished

Notes
Turn   | Place    | Note
-------+----------+-------------------------------------------
     0 | D:1      | cforsyth the Deep Elf Earth Elementalist began the quest
                  | for the Orb.
     0 | D:1      | Reached XP level 1. HP: 10/10 MP: 6/6
    75 | D:1      | Reached XP level 2. HP: 14/15 MP: 0/8
   398 | D:1      | Reached skill level 4 in Earth Magic
   553 | D:1      | Reached XP level 3. HP: 19/19 MP: 8/10
   718 | D:2      | Identified the +5 pair of boots of Gehetu {rCorr Str+2
                  | Dex-5}
   877 | D:2      | You fall into a shaft and drop 2 floors!
   942 | D:4      | Found a sand-covered staircase.
   974 | Ossuary  | Entered an ossuary
  1145 | D:2      | Reached XP level 4. HP: 24/24 MP: 10/12
  1866 | D:3      | Noticed Terence
  1874 | D:3      | Killed Terence
  1875 | D:3      | Reached skill level 5 in Spellcasting
  2189 | D:3      | Found a runed translucent door.
  2190 | D:3      | Noticed Crazy Yiuf
  2265 | D:3      | Reached skill level 5 in Earth Magic
  2364 | D:3      | Reached XP level 5. HP: 28/28 MP: 10/14
  3440 | D:4      | Identified the amulet of Winter {Spirit Fly Will+ Int+2}
  3484 | D:5      | Entered Level 5 of the Dungeon
  3652 | D:5      | Noticed an ice beast
  3658 | D:5      | Killed an ice beast
  3659 | D:5      | Reached skill level 6 in Earth Magic
  3659 | D:5      | Reached XP level 6. HP: 30/32 MP: 11/17
  3800 | D:5      | Found a sparkling altar of Nemelex Xobeh.
  4023 | D:5      | Found a burning altar of Makhleb.
  4032 | D:5      | Reached XP level 7. HP: 36/36 MP: 17/20
  4252 | D:5      | Reached skill level 7 in Earth Magic
  4457 | D:6      | Noticed Menkaure
  4460 | D:6      | Killed Menkaure
  4488 | D:6      | Noticed Eustachio
  4614 | D:6      | Killed Eustachio
  4615 | D:6      | Reached XP level 8. HP: 41/41 MP: 20/23
  4704 | D:6      | Reached skill level 8 in Earth Magic
  4779 | D:6      | Found a shimmering blue altar of Sif Muna.
  4904 | D:6      | Reached skill level 10 in Spellcasting
  4910 | D:6      | Reached skill level 9 in Earth Magic
  5358 | D:7      | Learned a level 3 spell: Stone Arrow
  5562 | D:7      | Found a runed translucent gate.
  5563 | D:7      | Found a runed translucent gate.
  5565 | D:7      | Found a runed translucent gate.
  5566 | D:7      | Noticed BillyBaka's ghost (novice MiFi)
  5616 | D:7      | Reached XP level 9. HP: 45/45 MP: 24/26
  5667 | D:7      | Found a staircase to the Ecumenical Temple.
  5695 | Temple   | Entered the Ecumenical Temple
  5749 | Temple   | Became a worshipper of Vehumet
  5818 | D:7      | Found a white marble altar of Elyvilon.
  5823 | D:7      | Found a glowing golden altar of the Shining One.
  5825 | D:7      | Found a sacrificial altar of Ru.
  5826 | D:7      | Found a snail-covered altar of Cheibriados.
  5829 | D:7      | Found a shadowy altar of Dithmenos.
  6056 | D:7      | Reached skill level 10 in Earth Magic
  6278 | D:8      | Noticed Erica
  6283 | D:8      | Killed Erica
  6349 | D:8      | Reached * piety under Vehumet
  6349 | D:8      | Offered knowledge of Foxfire by Vehumet.
  6359 | D:8      | Reached skill level 11 in Earth Magic
  6362 | D:8      | Found a staircase to the Lair.
  6405 | D:8      | Noticed a troll
  6549 | D:8      | Reached XP level 10. HP: 43/50 MP: 25/29
  6557 | D:8      | Offered knowledge of Poisonous Vapours by Vehumet.
  6712 | D:8      | Reached ** piety under Vehumet
  6739 | D:8      | Noticed Pikel
  6757 | D:8      | Killed Pikel
  6758 | D:8      | Reached skill level 12 in Earth Magic
  7035 | D:8      | Learned a level 6 spell: Iron Shot
  7136 | D:9      | Found a flagged portal.
  7161 | Bailey   | Entered a bailey
  7438 | Bailey   | Noticed an orc sorcerer
  7443 | Bailey   | Killed an orc sorcerer
  8004 | Bailey   | Reached skill level 15 in Spellcasting
  8092 | Bailey   | Noticed an orc knight
  8101 | Bailey   | Killed an orc knight
  8102 | Bailey   | Reached skill level 13 in Earth Magic
  8257 | Bailey   | Offered knowledge of Static Discharge by Vehumet.
  8266 | Bailey   | Acquired the amulet "Miokh" {RegenMP rF+}
  8412 | Bailey   | Reached skill level 1 in Fighting
  8467 | Bailey   | Found an iron altar of Okawaru.
  8494 | Bailey   | Reached *** piety under Vehumet
  8495 | Bailey   | Reached XP level 11. HP: 57/57 MP: 22/32
  9218 | D:9      | Noticed a deep elf pyromancer
  9222 | D:9      | Killed a deep elf pyromancer
  9320 | D:9      | Found a bloodstained altar of Trog.
  9492 | D:10     | Entered Level 10 of the Dungeon
  9552 | D:10     | Reached skill level 5 in Dodging
  9799 | D:10     | Offered knowledge of Sticky Flame by Vehumet.
  9820 | D:10     | Learned a level 4 spell: Sticky Flame
  9829 | D:10     | Found Monef's Antique Armour Boutique.
  9841 | D:10     | Bought a bronze leather armour for 175 gold pieces
  9841 | D:10     | Identified the +1 leather armour of Miracles {rN+ Int-5
                  | Stlth+} (You bought it in a shop on level 10 of the
                  | Dungeon)
 10526 | D:11     | Noticed Erolcha
 10530 | D:11     | Killed Erolcha
 10605 | D:11     | Noticed a wizard
 10612 | D:11     | Reached **** piety under Vehumet
 10613 | D:11     | Reached skill level 5 in Fighting
 10613 | D:11     | Killed a wizard
 10788 | D:11     | Noticed Josephine
 10795 | D:11     | Killed Josephine
 10805 | D:11     | Offered knowledge of Freezing Cloud by Vehumet.
 11367 | D:11     | Reached XP level 12. HP: 70/70 MP: 23/33
 11506 | D:11     | Identified the +4 long sword of the Conjuring Fulmar
                  | {heavy, rElec rC- Str+7 Stlth-}
 11507 | D:11     | Identified the +1 great sword "Gucav" {flame, rElec rF++
                  | Will+ Str-2}
 12244 | D:11     | Noticed a boulder beetle
 12248 | D:11     | Killed a boulder beetle
 12249 | D:11     | Reached skill level 10 in Dodging
 13523 | D:11     | Noticed an ogre mage
 13549 | D:11     | Killed an ogre mage
 14188 | D:12     | Noticed a boulder beetle
 14191 | D:12     | Killed a boulder beetle
 14383 | D:12     | Noticed a two-headed ogre
 14389 | D:12     | Killed a two-headed ogre
 14474 | D:12     | Noticed a two-headed ogre
 14482 | D:12     | Killed a two-headed ogre
 14504 | D:12     | Found a staircase to the Orcish Mines.
 14734 | D:12     | Reached ***** piety under Vehumet
 15202 | Lair:1   | Entered Level 1 of the Lair of Beasts
 15287 | Lair:1   | Offered knowledge of Lee's Rapid Deconstruction by Vehumet.
 15704 | Lair:1   | Reached XP level 13. HP: 80/80 MP: 23/34
 15824 | Lair:1   | Noticed Prince Ribbit
 15827 | Lair:1   | Killed Prince Ribbit
 15836 | Lair:1   | Reached skill level 1 in Conjurations
 15956 | Lair:1   | Noticed Fannar
 15961 | Lair:1   | Killed Fannar
 16372 | Lair:2   | Found a frozen archway.
 16387 | IceCv    | Entered an ice cave
 16641 | IceCv    | Found a transporter.
 16650 | IceCv    | Got the Book of the Legion
 16764 | IceCv    | Found a transporter.
 19048 | Lair:3   | Found a gate leading to a gauntlet.
 19102 | Gauntlet | Entered a Gauntlet
 19102 | Gauntlet | Found a transporter.
 19114 | Gauntlet | Found a transporter.
 19127 | Gauntlet | Found a transporter.
 19149 | Gauntlet | Found a transporter.
 19170 | Gauntlet | Found a transporter.
 19176 | Gauntlet | Noticed a cacodemon
 19177 | Gauntlet | Found a transporter.
 19187 | Gauntlet | Found a transporter.
 19201 | Gauntlet | Found a transporter.
 19223 | Gauntlet | Found a transporter.
 19236 | Gauntlet | Found a transporter.
 19249 | Gauntlet | Found a runed translucent gate.
 19252 | Gauntlet | Found a runed translucent gate.
 19252 | Gauntlet | Found a transporter.
 19256 | Gauntlet | Found a runed translucent gate.
 19267 | Gauntlet | Found a transporter.
 19345 | Gauntlet | Found a transporter.
 19347 | Gauntlet | Found a transporter.
 19377 | Gauntlet | Learned a level 5 spell: Lee's Rapid Deconstruction
 19384 | Gauntlet | Learned a level 4 spell: Iskenderun's Mystic Blast
 19613 | Gauntlet | Reached skill level 5 in Conjurations
 19760 | Gauntlet | Identified the -2 cloak of the Unseen Realm {MP-9 Int+4}
 19811 | Gauntlet | Reached skill level 10 in Fighting
 19967 | Gauntlet | Noticed a minotaur
 19974 | Gauntlet | Killed a minotaur
 19983 | Gauntlet | Identified the +3 ring mail of the Bagpipe {MP+9 Int+5
                  | Dex-3}
 19997 | Gauntlet | Identified the +7 leather armour of Adghuaf {Harm rF+
                  | Regen+}
 20153 | Lair:3   | Found a staircase to the Shoals.
 20412 | Lair:3   | Found a staircase to the Snake Pit.
 20674 | Lair:3   | Noticed Nessos
 21064 | Lair:3   | Noticed Nergalle
 21069 | Lair:3   | Killed Nergalle
 21810 | Lair:3   | Killed Nessos
 21811 | Lair:3   | Reached XP level 14. HP: 80/88 MP: 32/35
 22402 | Lair:4   | Offered knowledge of Lightning Bolt by Vehumet.
 22403 | Lair:4   | Reached skill level 15 in Dodging
 22512 | Lair:4   | Found a viscous altar of Jiyva.
 22512 | Lair:4   | Found a staircase to the Slime Pits.
 22598 | Lair:4   | Noticed Kirke
 22768 | Lair:4   | Killed Kirke
 23000 | Lair:5   | Entered Level 5 of the Lair of Beasts
 23866 | Lair:5   | Offered knowledge of Conjure Ball Lightning by Vehumet.
 23909 | Lair:5   | Noticed Snorg
 23915 | Lair:5   | Killed Snorg
 24023 | Lair:5   | Identified the +9 trident of Painful Death {flame, rElec
                  | rF+ Int-4 Stlth+}
 24212 | Lair:5   | Identified the +5 mace of Invincibility {vamp, rF+}
 24222 | Lair:5   | Identified the +4 morningstar of Bodily Humours {heavy,
                  | rElec rF- rC+ Int+6}
 24823 | Orc:1    | Entered Level 1 of the Orcish Mines
 24879 | Orc:1    | Found Meiprybb's General Store.
 25310 | Orc:2    | Entered Level 2 of the Orcish Mines
 25335 | Orc:2    | Noticed Saint Roka
 26172 | Orc:1    | Killed Saint Roka
 26389 | Orc:2    | Noticed an orc warlord
 26873 | Orc:1    | Killed an orc warlord
 26874 | Orc:1    | Reached skill level 10 in Conjurations
 27052 | Orc:2    | Reached XP level 15. HP: 65/96 MP: 29/36
 27137 | Orc:2    | Found Xoank's Antique Armour Emporium.
 27466 | Orc:2    | Found Mucs's Jewellery Emporium.
 27953 | Orc:2    | Found Geozo's Overcharged Wands.
 28416 | Orc:2    | Found Pikhlempiu's General Store.
 28422 | Orc:2    | Offered knowledge of Arcjolt by Vehumet.
 28445 | Orc:2    | Found a staircase to the Elven Halls.
 28537 | Orc:2    | Found Orryfatru's Antique Weapon Shoppe.
 29671 | D:13     | Found a gate to the Vaults.
 30419 | D:14     | Identified the +7 long sword "Wepamn" {flame, rC- Dex+3
                  | SInv}
 30571 | D:14     | Noticed Jorgrun
 30579 | D:14     | Killed Jorgrun
 30949 | D:14     | Noticed Frances
 30958 | D:14     | Killed Frances
 31608 | D:15     | Entered Level 15 of the Dungeon
 32725 | D:15     | Found a staircase to the Depths.
 33437 | D:14     | Reached skill level 1 in Shields
 34049 | D:15     | Noticed Azrael
 34236 | D:15     | Reached XP level 16. HP: 84/103 MP: 37/37
 34366 | D:15     | Killed Azrael
 34961 | Snake:1  | Entered Level 1 of the Snake Pit
 35272 | Snake:1  | Offered knowledge of Fireball by Vehumet.
 35531 | Snake:1  | Reached skill level 5 in Shields
 35628 | Snake:1  | Found Caxzosm's Antique Weapon Shop.
 36361 | Snake:2  | Got the Directory of Algor
 36787 | Snake:2  | Learned a level 5 spell: Fireball
 39141 | Snake:3  | Reached skill level 10 in Shields
 39575 | Snake:4  | Entered Level 4 of the Snake Pit
 39579 | Snake:4  | Noticed Vashnia
 39842 | Snake:3  | Offered knowledge of Yara's Violent Unravelling by Vehumet.
 39849 | Snake:3  | Learned a level 5 spell: Yara's Violent Unravelling
 40250 | Snake:4  | Found Tene's Self-Improvement Boutique.
 40725 | Snake:4  | Reached XP level 17. HP: 102/108 MP: 38/38
 42758 | Snake:4  | Reached skill level 14 in Earth Magic
 42987 | Snake:4  | Offered knowledge of Eringya's Noxious Bog by Vehumet.
 42999 | Snake:4  | HP: 3/108 [naga sharpshooter/arrow[Vashnia] (15)]
 43000 | Snake:4  | HP: 1/108 [Vashnia/bolt (21)]
 44023 | Snake:4  | Killed Vashnia
 45779 | Snake:4  | Got a serpentine rune of Zot
 45947 | Shoals:1 | Entered Level 1 of the Shoals
 46688 | Shoals:1 | Found a runed translucent gate.
 46688 | Shoals:1 | Identified the ring "Ilufumiy" {rN+ Will+}
 46693 | Shoals:1 | Found a runed translucent gate.
 46693 | Shoals:1 | Noticed Luosi's ghost (journeyman NaVM)
 46694 | Shoals:1 | Found a runed translucent gate.
 46710 | Shoals:1 | Reached skill level 15 in Earth Magic
 47222 | D:3      | Killed Crazy Yiuf
 47325 | D:7      | Killed BillyBaka's ghost
 47621 | Shoals:2 | Reached XP level 18. HP: 114/114 MP: 32/43
 48939 | Shoals:3 | Reached ****** piety under Vehumet
 49073 | Shoals:3 | Identified the +0 helmet of the Special Nightmares {rPois
                  | SInv}
 49477 | Shoals:4 | Entered Level 4 of the Shoals
 49480 | Shoals:4 | Reached skill level 15 in Conjurations
 50046 | Shoals:4 | Offered knowledge of Lehudib's Crystal Spear by Vehumet.
 50046 | Shoals:4 | Offered knowledge of Shatter by Vehumet.
 50046 | Shoals:4 | Offered knowledge of Maxwell's Capacitive Coupling by
                  | Vehumet.
 50374 | Shoals:4 | Noticed Aizul
 50382 | Shoals:4 | Killed Aizul
 50717 | Shoals:4 | Reached skill level 16 in Earth Magic
 51393 | Shoals:4 | Got a barnacled rune of Zot
 51778 | Vaults:1 | Entered Level 1 of the Vaults
 52925 | Vaults:1 | Reached skill level 17 in Earth Magic
 53053 | Vaults:1 | Reached XP level 19. HP: 121/121 MP: 32/46
 53392 | Vaults:1 | Found a runed translucent gate.
 53393 | Vaults:1 | Found a runed translucent gate.
 53395 | Vaults:1 | Found a runed translucent gate.
 53395 | Vaults:1 | Noticed Pixtaico's ghost (adept FeNe)
 53395 | Vaults:1 | Noticed Zissick's ghost (adept MiBr)
 53395 | Vaults:1 | Noticed Konionua's ghost (adept KoEn)
 53396 | Vaults:1 | Noticed Naox's ghost (adept KoAr)
 53598 | Vaults:1 | Reached skill level 18 in Earth Magic
 53726 | Vaults:1 | Learned a level 9 spell: Shatter
 54513 | Vaults:2 | Reached skill level 19 in Earth Magic
 55348 | Vaults:2 | Reached skill level 20 in Earth Magic
 55738 | Vaults:2 | Found a staircase to the Crypt.
 56033 | Vaults:3 | You fall into a shaft and drop 1 floor!
 56036 | Vaults:4 | Reached skill level 21 in Earth Magic
 56469 | Vaults:3 | Reached XP level 20. HP: 90/127 MP: 43/47
 56508 | Vaults:3 | Got the Omnibus of Philately
 57425 | Vaults:3 | Reached skill level 22 in Earth Magic
 57968 | Vaults:3 | Identified the +8 scale mail of Qiupuri {rN+ rCorr Str+5
                  | Int-3}
 58378 | Vaults:3 | Noticed an ancient lich
 58673 | Vaults:3 | Reached skill level 23 in Earth Magic
 58828 | Vaults:3 | Killed an ancient lich
 59038 | Vaults:4 | Learned a level 2 spell: Blink
 59899 | Vaults:4 | Found Pamubb's Antique Armour Shop.
 60175 | Elf:1    | Entered Level 1 of the Elven Halls
 60183 | Elf:1    | Reached skill level 24 in Earth Magic
 60784 | Elf:1    | Got Poxid's Catalogue of Massed Force
 60838 | Elf:1    | Found Aseoj's Weapon Emporium.
 60917 | Elf:1    | Found Fiege's Jewellery Boutique.
 60917 | Elf:1    | Found Pudope Hiwn's Book Emporium.
 60918 | Elf:1    | Found Melenyp's Jewellery Boutique.
 60926 | Elf:1    | Bought the Reference Book on Evil Deeds and Alteration for
                  | 704 gold pieces
 60932 | Elf:1    | Learned a level 5 spell: Borgnjor's Vile Clutch
 60994 | Elf:2    | Paralysed by an air elemental for 1 turns
 61016 | Elf:2    | Paralysed by an air elemental for 1 turns
 61018 | Elf:2    | Paralysed by an air elemental for 1 turns
 61022 | Elf:2    | Gained mutation: You occasionally shout uncontrollably at
                  | your foes. [a neqoxec]
 61023 | Elf:2    | Paralysed by an air elemental for 1 turns
 61025 | Elf:2    | Paralysed by an air elemental for 1 turns
 61026 | Elf:2    | Killed from afar by a deep elf zephyrmancer

Illustrated notes

Levels and vault maps discovered:
D:1:      grunt_arrival_crossed_arrows, layout_rooms, kennysheep_another_room
D:2:      layout_basic
D:3:      cheibrodos_helix_gallery, layout_basic, uniq_terence,
          uniq_crazy_yiuf_cottage
D:4:      layout_rooms, nicolae_ossuary_entry_giza
D:5:      layout_gridville, nemelex_dance_club_becter,
          mainiacjoe_overflow_chevrons, minmay_misc_feat_cross
D:6:      layout_basic, amcnicky_altar_gilded, uniq_eustachio, uniq_menkaure
D:7:      layout_loops_ring, minitemple, minmay_temple_entry_offerings,
          gammafunk_ghost_split, kennysheep_generic_room_5
D:8:      layout_loops_ring, erik_lair_island, uniq_pikel, uniq_erica
D:9:      layout_roguey, enter_bailey_2, david_defended_altar_orc
D:10:     layout_roguey, serial_shops, nicolae_stop_n_shop_1
D:11:     lemuel_ogre_cave, layout_loops_ring, laboratory, uniq_erolcha,
          uniq_josephine
D:12:     layout_small_grid, david_orc_2
D:13:     layout_basic, erik_vaults_2, kennysheep_boxes
D:14:     layout_basic, minmay_staircase_statues_hall_small,
          minmay_misc_feat_plants, uniq_frances, uniq_jorgrun
D:15:     gammafunk_enter_depths_forms, layout_layer_cave, chequers_mini_garden,
          st_stairs_7, grunt_tough_drop, uniq_azrael
Temple:   zaba_magenta_temple
Lair:1:   layout_small_grid, grunt_forest_large_clearings, uniq_fannar,
          uniq_prince_ribbit2
Lair:2:   layout_layer_cave, portal_ice_cave_rime, minmay_hedge_maze
Lair:3:   minmay_lair_oklob_chamber, layout_cave_shapes, shoals_dummy_entry,
          nicolae_snake_entry_warm_welcome, gauntlet_entry_generic,
          beast_lair_carwin_6, infiniplex_staircase_pool_2, uniq_nessos,
          uniq_nergalle
Lair:4:   layout_long_grid, nicolae_slime_entry_slimehenge,
          small_statue_intersection, beast_lair_carwin_3, lemuel_fruit_fields,
          lemuel_fruit_fields, uniq_kirke
Lair:5:   gammafunk_lair_ancient_temple, layout_regular_city, uniq_snorg
Shoals:1: layout_shoals, gammafunk_ghost_necromancy,
          nicolae_shoals_aquamancer_cove
Shoals:2: argonaut_golden_fleece, layout_shoals, nicolae_shoals_gull_way
Shoals:3: layout_shoals, nicolae_shoals_goliath_grotto
Shoals:4: shoals_end_grunt_ice, layout_shoals, uniq_aizul
Snake:1:  layout_rooms, serial_shops, nicolae_shop_overgrown_old_shop,
          nicolae_snake_flat_spine
Snake:2:  layout_chambers, drop_trap, grunt_megastairs_2
Snake:3:  layout_grid_maze
Snake:4:  minmay_snake_end_coiled, layout_misc_corridors,
          nicolae_shop_self_help, uniq_vashnia
Orc:1:    layout_diamond_mine, basic_altar, serial_shops, nicolae_diamond_shop,
          mines5_lemuel
Orc:2:    grunt_orc_gardens, layout_diamond_mine, grunt_orc_garden,
          grunt_orc_garden, grunt_orc_garden, grunt_orc_garden,
          nicolae_shop_overcharged_wands, uniq_saint_roka
Elf:1:    minmay_elf_arrival_circle, layout_geoelf_octagon, serial_shops, shop,
          minmay_elf_sorcery, minmay_shop_grove
Elf:2:    nicolae_elf_blades_crystal_corner, layout_onion_city, uniq_nikola
Vaults:1: gammafunk_ghost_cemetery, nicolae_vaults_inception_network, v_misc_33,
          vaults_mumra_hexcomb, vaults_standard_mumra_enter_the_diamond,
          vaults_room_door_hall, v_misc_2, ontoclasm_vaults_decontamination,
          vaults_dpeg_diagonal, layout_vaults_omnibox
Vaults:2: ontoclasm_vaults_ring_small, minmay_crypt_entry_simple_walls,
          ontoclasm_vaults_pinch, hangedman_vaults_slice, grunt_vaults_twisty,
          ontoclasm_vaults_claustrophobia, hangedman_vaults_stretched_pinwheel,
          v_alt_pattern_6, v_alt_pattern_4, ontoclasm_vaults_spin,
          st_spiral_rooms, ontoclasm_vaults_hangar, vaults_room_corners,
          dpeg_vaults_monster_box, layout_vaults_ring
Vaults:3: vaults_room_door_hall, vaults_standard_mumra_lines, v_pattern_3,
          v_misc_22, vaults_room_hallway, v_misc_15, v_rooms_2, v_misc_2,
          vaults_room_guarded_vault, nicolae_vaults_mini_display_case,
          vaults_room_ringed_pool, v_misc_8, layout_vaults_big_room
Vaults:4: nicolae_vaults_sealed_display, nicolae_vaults_little_squares_3,
          vaults_room_door_hall, v_alt_pattern_6, vaults_mumra_chevron_long,
          vaults_room_mumra_shop_pool, ontoclasm_vaults_fault,
          layout_vaults_omnigrid

Skill      XL: |  1  2  3  4  5  6  7  8  9 10 11 12 13 14 15 16 17 18 19 20 |
---------------+-------------------------------------------------------------+-----
Earth Magic    | 4 5 6 7 9 11 13 15 17 21 24 | 24.3
Spellcasting   | 4 5 6 7 9 11 13 15 19 21 | 21.6
Fighting       | 1 6 9 10 11 12 13 14 | 14.1
Dodging        | 3 9 12 14 16 18 | 18.0
Conjurations   | 6 10 12 14 15 | 15.5
Shields        | 2 10 | 10.0
Stealth        | |  2.4
Transmutations | |  1.1

Action                     |  1- 3 |  4- 6 |  7- 9 | 10-12 | 13-15 | 16-18 | 19-21 || total
---------------------------+-------+-------+-------+-------+-------+-------+-------++-------
  Melee: Unarmed           |     1 |     1 |       |     7 |       |       |       ||     9
         Great sword       |       |       |       |       |     8 |     5 |       ||    13
   Cast: Sandblast         |    53 |    89 |   149 |   163 |    13 |     4 |    15 ||   486
         Stone Arrow       |       |       |       |   244 |   728 |   528 |   217 ||  1717
         Iron Shot         |       |       |       |    60 |   216 |   518 |   343 ||  1137
         Lee's Rapid Decon |       |       |       |       |     2 |       |       ||     2
         Iskenderun's Myst |       |       |       |       |       |     2 |     3 ||     5
    Use: Scroll            |     5 |     2 |     4 |     8 |    15 |     4 |     3 ||    41
         Potion            |       |       |     1 |       |     4 |     5 |     5 ||    15
 Armour: Robe              |    19 |     6 |    38 |    48 |       |       |       ||   111
         Troll leather arm |       |       |       |    36 |    23 |       |       ||    59
         Ring mail         |       |       |       |       |   296 |   158 |       ||   454
         Leather armour    |       |       |       |       |       |    80 |    85 ||   165
  Dodge: Dodged            |    41 |    20 |    48 |   110 |   388 |   294 |   108 ||  1009
  Block: Kite shield       |       |       |       |       |       |   116 |   111 ||   227
         Reflection        |       |       |       |       |       |    45 |    34 ||    79

Table legend: (Time is in decaauts)
 A = Elapsed time spent in this place.
 B = Non-inter-level travel time spent in this place.
 C = Inter-level travel time spent in this place.
 D = Time resting spent in this place.
 E = Time spent auto-exploring this place.
 F = Levels seen in this place.
 G = Mean time per level.
                   A        B        C        D        E       F      G
               +--------+--------+--------+--------+--------+-----+--------+
         Total |  61681 |  58290 |   3391 |  18886 |  29666 |  41 | 1504.4 |
       Dungeon |  21354 |  19625 |   1729 |   5020 |  11682 |  15 | 1423.6 |
        Temple |     67 |     54 |     13 |      0 |     45 |   1 |   67.0 |
          Lair |   7515 |   6988 |    527 |   1394 |   4356 |   5 | 1503.0 |
        Shoals |   5406 |   5219 |    187 |    953 |   3226 |   4 | 1351.5 |
     Snake Pit |  10945 |  10422 |    523 |   5484 |   3341 |   4 | 2736.2 |
  Orcish Mines |   3965 |   3825 |    140 |   2216 |   1105 |   2 | 1982.5 |
   Elven Halls |    850 |    830 |     20 |     63 |    600 |   2 |  425.0 |
        Vaults |   7554 |   7304 |    250 |   1088 |   4931 |   4 | 1888.5 |
       Ossuary |      8 |      8 |      0 |      0 |      0 |   1 |    8.0 |
        Bailey |   1634 |   1634 |      0 |   1013 |    225 |   1 | 1634.0 |
      Ice Cave |   1335 |   1335 |      0 |   1212 |      2 |   1 | 1335.0 |
      Gauntlet |   1042 |   1042 |      0 |    442 |    152 |   1 | 1042.0 |
               +--------+--------+--------+--------+--------+-----+--------+

Top non-repeatable levels by time:
 Snake:3: 5955 daAuts
    D:11: 3781 daAuts
   Orc:1: 2967 daAuts
    D:14: 2605 daAuts
Vaults:2: 2495 daAuts
    D:13: 2464 daAuts
 Snake:4: 2148 daAuts
Vaults:3: 1986 daAuts
  Lair:2: 1972 daAuts
    D:15: 1763 daAuts
Shoals:4: 1690 daAuts
  Lair:3: 1667 daAuts
  Lair:5: 1645 daAuts
  Bailey: 1634 daAuts
Vaults:1: 1606 daAuts
